 Dungeon Crawl Stone Soup version 0.23-a0-650-ga4d50d4 (webtiles) character file.

278 bulba the Slasher (level 6, 0/43 HPs)
             Began as an Octopode Chaos Knight on Jan 3, 2019.
             Was a Plaything of Xom.
             Killed by divine providence
             ... invoked by an orc priest
              (8 damage)
             ... on level 3 of the Dungeon.
             The game lasted 00:08:37 (2391 turns).

bulba the Slasher (Octopode Chaos Knight)           Turns: 2391, Time: 00:08:38

Health: 0/43       AC:  1    Str: 12    XL:     6   Next: 26%
Magic:  6/6        EV: 13    Int: 14    God:    Xom [...*..]
Gold:   102        SH:  3    Dex: 13    Spells: 3/5 levels left

rFire    . . .     SeeInvis .   a - +0 falchion (chaos)
rCold    + . .     Gourm    .   l - +0 buckler
rNeg     . . .     Faith    .   (helmet restricted)
rPois    .         Spirit   .   (no amulet)
rElec    .         Reflect  .   i - ring of resist corrosion
rCorr    +         Harm     .   (no ring)
MR       .....                  (no ring)
Stlth    +++.......             (no ring)
HPRegen  0.14/turn              (no ring)
MPRegen  0.10/turn              (no ring)
                                (no ring)
                                (no ring)

@: no status effects
A: almost no armour, stealthy swim, amphibious, 8 rings, constrict 8, camouflage
1, cold resistance 1, gelatinous body 1
a: Renounce Religion


You were on level 3 of the Dungeon.
You worshipped Xom.
You were a favourite toy of Xom.
You were not hungry.

You visited 1 branch of the dungeon, and saw 3 of its levels.

You collected 102 gold pieces.

Inventory:

Hand Weapons
 a - a +0 falchion of chaos (weapon)
 w - a +0 blowgun
Missiles
 e - 121 stones (quivered)
 k - a throwing net
 x - 23 poisoned needles
Armour
 l - a +0 buckler (worn)
Magical Staves
 b - an uncursed staff of wizardry
Jewellery
 i - a ring of resist corrosion (left tentacle)
Wands
 o - a wand of flame (13)
Scrolls
 d - 2 scrolls of blinking {unknown}
 j - a scroll of identify {unknown}
 n - a scroll of immolation {unknown}
 p - a scroll of magic mapping {unknown}
 t - a scroll of teleportation {unknown}
 u - a scroll of enchant weapon {unknown}
 v - a scroll of enchant armour {unknown}
Potions
 c - a potion of haste {unknown}
 f - 3 potions of curing {unknown}
 g - 2 potions of degeneration {unknown}
 h - 4 potions of heal wounds {unknown}
 m - a potion of mutation {unknown}
 s - a potion of flight {unknown}
 z - a potion of agility {unknown}
Comestibles
 r - 7 rations


   Skills:
 + Level 4.2 Fighting
 + Level 5.0 Long Blades
 + Level 3.4 Dodging
 - Level 2.8 Stealth


You had 3 spell levels left.
You knew the following spells:

 Your Spells              Type           Power        Failure   Level  Hunger
a - Poisonous Vapours     Pois/Air       #.....       58%         2    ###....

Your spell library contained the following spells:

 Spells                   Type           Power        Failure   Level  Hunger
 Conjure Flame            Conj/Fire      #.......     82%         3    ####...
 Mephitic Cloud           Conj/Pois/Air  #.......     82%         3    ####...
 Freezing Cloud           Conj/Ice/Air   #.........   100%        6    #######
 Ring of Flames           Chrm/Fire      #.........   100%        7    #######


Dungeon Overview and Level Annotations

Branches:
Dungeon (3/15)

Altars:
Ru

Annotations:
D:1 exclusion: downstairs
Abyss:1 Sigmund


Innate Abilities, Weirdness & Mutations

You cannot wear most types of armour.
You are very stealthy in the water. (Stealth+)
You are amphibious.
You can wear up to eight rings at the same time.
You can use your tentacles to constrict eight enemies at once.
Your skin changes colour to match your surroundings (Stealth+).
Your rubbery body absorbs attacks. (AC +1, EV +1)
Your flesh is cold resistant. (rC+)


Message History

You start memorising the spell.
You continue memorising. x2
You finish memorising.
Spell assigned to 'a'.
Okay, then.
Some of the chunks of flesh in your inventory have rotted away.
Eating a chunk of flesh.
You eat the chunk of flesh.
This raw flesh tastes terrible.
As you open the door, it creaks loudly!
An orc and an orc priest come into view.
The orc priest shouts!
You hear a shout!
The orc shouts!
The orc priest invokes the aid of Beogh against you.
Beogh smites you!
An orc comes into view. It is wielding a +0 mace.
The orc priest calls down the wrath of Beogh upon you.
Pain shoots through your body!
The orc priest mumbles some strange prayers to Beogh against you.
Beogh smites you!
* * * LOW HITPOINT WARNING * * *
The orc priest mumbles some strange prayers to Beogh against you.
Beogh smites you!
You die...

.....<.#..........+......#.#.....
###.#.###.#.......#......#.####..
..................+......#.# #..
####..###.#.......#......#.# #..
........#.#.......#..#####
.###..#.#.##......#..# #########
.# #.................# #.......#
.###....#.###.######.###.......#
..........# #...@..o.o.o........
.###.#..############.###.......#
..................##.##.........
........#.#######.##.##........#
.....#....#.....#.##.##........#
####.#.#..#.###.#.##.##o.......#
...).#.##.#.# #.#.##.##'########
###.........# #.#.##.#.o. #
#..#.##.#.# #.#.# #....


You could see an orc priest and 2 orcs.

Vanquished Creatures
  An orc wizard (D:3)
  Terence (D:3)
  Robin (D:2)
  A gnoll (D:1)
  6 adders
  A worm (D:2)
  A dart slug (D:1)
  5 bats
  2 giant cockroaches
  11 goblins
  4 hobgoblins
  15 jackals
  5 kobolds
  A quokka (D:3)
  A frilled lizard (D:2)
  10 rats
66 creatures vanquished.

Vanquished Creatures (others)
  A frilled lizard (D:2)
1 creature vanquished.

Grand Total: 67 creatures vanquished

Notes
Turn   | Place    | Note
-------+----------+-------------------------------------------
     0 | D:1      | bulba the Octopode Chaos Knight began the quest for the
                  | Orb.
     0 | D:1      | Reached XP level 1. HP: 16/16 MP: 1/1
    13 | D:1      | XOM: harmless Summ miscast
    33 | D:1      | Reached XP level 2. HP: 12/21 MP: 2/2
    87 | D:1      | XOM: silly message
   296 | D:1      | XOM: cloud trail
   330 | D:1      | Reached XP level 3. HP: 17/26 MP: 3/3
   673 | D:2      | XOM: give mutation
   673 | D:2      | Gained mutation: Your flesh is cold resistant. (rC+) [Xom's
                  | mischief]
   698 | D:2      | Noticed Sigmund
   704 | D:2      | Banished Sigmund
   704 | D:2      | Reached skill level 4 in Long Blades
   704 | D:2      | Reached skill level 1 in Stealth
   704 | D:2      | Reached XP level 4. HP: 33/33 MP: 4/4
   718 | D:2      | Reached XP level 5. HP: 34/37 MP: 5/5
   748 | D:2      | XOM: destruction
   989 | D:2      | Noticed Robin
   991 | D:2      | XOM: polymorph goblin -> gnoll
  1197 | D:2      | Killed Robin
  1213 | D:2      | XOM: polymorph hobgoblin -> adder
  1548 | D:2      | XOM: god gift: 31 gold pieces
  1620 | D:3      | Noticed Terence
  1621 | D:3      | XOM: god gift: thick glowing staff {god gift}
  1629 | D:3      | Killed Terence
  1683 | D:3      | XOM: medium Fire miscast
  1867 | D:3      | Found a sacrificial altar of Ru.
  1867 | D:3      | XOM: 1-stop teleportation journey
  1884 | D:3      | Reached XP level 6. HP: 23/43 MP: 6/6
  2030 | D:3      | XOM: god gift: fuming purple potion {god gift}
  2064 | D:3      | Noticed a phantom
  2148 | D:3      | Reached skill level 5 in Long Blades
  2279 | D:3      | Learned a level 2 spell: Poisonous Vapours
  2391 | D:3      | Killed from afar by an orc priest

Vault maps used:
D:1:      lightli_arrival_statue_moat, minmay_small_reverse_x
D:2:      first_ration, uniq_sigmund, uniq_robin
D:3:      gammafunk_ghost_mausoleum, nicolae_ru_great_annihilating_truth,
          uniq_terence

Skill      XL: |  1  2  3  4  5  6 |
---------------+-------------------+-----
Fighting       | 4 |  4.2
Long Blades    | 4 5 |  5.0
Stealth        | 1 2 |  2.8
Dodging        | 3 |  3.4

Action                   |  1- 3 |  4- 6 || total
-------------------------+-------+-------++-------
Melee: Falchion          |    45 |    76 ||   121
       Constrict         |    16 |    31 ||    47
       Tentacles         |    10 |    16 ||    26
Throw: Stone             |       |     1 ||     1
 Stab: Sleeping          |     4 |     8 ||    12
  Eat: Chunk             |       |     5 ||     5
Armor: Skin              |     4 |     2 ||     6
Dodge: Dodged            |    29 |    44 ||    73
Block: Buckler           |     1 |     4 ||     5
       Rpst.: Falchion   |     7 |    15 ||    22

Table legend:
 A = Non-vault XP
 B = Vault XP
 C = Vault XP percentage of total XP
 D = Non-vault monster count
 E = Vault monster count
 F = Vault count percentage of total count
                 A         B        C        D         E       F
            +---------+---------+-------+---------+---------+-------
      Total |     137 |     261 |  65.6 |      46 |      21 |  31.3
            +---------+---------+-------+---------+---------+-------
        D:1 |      33 |      23 |  41.1 |      18 |       6 |  25.0
        D:2 |      47 |     159 |  77.2 |      14 |      10 |  41.7
        D:3 |      57 |      79 |  58.1 |      14 |       5 |  26.3
            +---------+---------+-------+---------+---------+-------
